 Dungeon Crawl Stone Soup version 0.29.1-15-g9cfb28693d (webtiles) character file.

Game seed: 8699558319643464911

237 Peloso the Covered (level 5, -2/47 HPs)
             Began as a Minotaur Fighter on Apr 15, 2023.
             Slain by a gnoll
             ... wielding a +0 halberd
              (5 damage)
             ... on level 3 of the Dungeon.
             The game lasted 00:04:44 (2733 turns).

Peloso the Covered (Minotaur Fighter)               Turns: 2733, Time: 00:04:44

Health: -2/47      AC:  8    Str: 21    XL:     5   Next: 77%
Magic:  4/4        EV:  9    Int:  5    God:
Gold:   136        SH:  5    Dex: 11    Spells: 4/4 levels left

rFire   . . .      SeeInvis .   a - +0 long sword
rCold   . . .      Faith    .   d - +0 buckler
rNeg    . . .      Spirit   .   c - +0 scale mail
rPois   .          Reflect  .   (helmet restricted)
rElec   .          Harm     .   (no cloak)
rCorr   .          Rampage  .   h - +0 pair of gloves
Will    .....                   (no boots)
Stlth   ..........              (no amulet)
HPRegen 0.15/turn               (no ring)
MPRegen 0.09/turn               (no ring)

@: lethally poisoned (-2 -> -17)
A: horns 2, retaliatory headbutt
a: no special abilities


You were on level 3 of the Dungeon.
You visited 1 branch of the dungeon, and saw 3 of its levels.

You collected 136 gold pieces.

Inventory:

Hand Weapons
 a - a +0 long sword (weapon)
 b - a +0 whip of flaming
Missiles
 f - a throwing net (quivered)
Armour
 c - a +0 scale mail (worn)
 d - a +0 buckler (worn)
 h - a +0 pair of gloves (worn)
Scrolls
 j - a scroll of immolation
 l - a scroll of butterflies {unknown}
 m - a scroll of fear {unknown}
 n - a scroll of vulnerability {unknown}
Potions
 g - 3 potions of might
 i - a potion of flight
 o - 2 potions of brilliance
 p - a potion of invisibility {unknown}


   Skills:
 + Level 4.8 Fighting
 + Level 4.4 Long Blades
 + Level 4.9 Armour
 + Level 1.0 Dodging
 + Level 0.2 Stealth
 + Level 4.7 Shields


You had 4 spell levels left.
You didn't know any spells.
Your spell library contained the following spells:

 Spells                   Type           Power      Damage    Failure   Level
 Apportation              Tloc           0%         N/A       87%         1
 Alistair's Intoxication  Tmut/Pois      0%         N/A       100%        5


Dungeon Overview and Level Annotations

Branches:
Dungeon (3/15)

Altars:
Kikubaaqudgha


Innate Abilities, Weirdness & Mutations

You have a pair of horns on your head.
You reflexively headbutt those who attack you in melee.


Message History

The gnoll hits you but does no damage.
You barely miss the gnoll. Your headbutt misses the gnoll.
The gnoll hits you with a +0 spear.
You hit the gnoll.
The gnoll is heavily wounded.
You block the gnoll's attack.
You hit the gnoll.
The gnoll is severely wounded.
The gnoll hits you but does no damage.
You hit the gnoll.
You kill the gnoll!
You barely miss the gnoll. You headbutt the gnoll!
The gnoll is heavily wounded.
The gnoll barely misses you.
The gnoll hits you from afar with a +0 halberd.
The gnoll hits you with a +1 whip of venom.
You are poisoned.
You hit the gnoll but do no damage.
The gnoll is heavily wounded.
You feel very sick.
The gnoll hits you with a +1 whip of venom.
You are more poisoned.
The gnoll hits you but does no damage.
You hit the gnoll.
The gnoll is severely wounded.
You feel very sick.
The gnoll hits you but does no damage. x2
You are lethally poisoned!
You hit the gnoll. Your headbutt misses the gnoll.
The gnoll is almost dead.
You feel extremely sick.
The gnoll hits you from afar with a +0 halberd!
* * * LOW HITPOINT WARNING * * *
The gnoll barely misses you.
You completely miss the gnoll. You headbutt the gnoll.
You kill the gnoll!
* * * LOW HITPOINT WARNING * * *
You feel very sick.
The gnoll hits you from afar with a +0 halberd.
You die...

#####.# ≈≈~ #.....#
~.?.~8.? #.#
.≈≈?..!.<. #@#
##≈~#.~~(<. #)#
≈≈≈~~≈~~~~
#g#######≈≈≈#≈≈≈≈~
#.........≈≈≈≈≈≈~~
#†#####..#~~~#≈#~~
###.#####.##[~≈≈≈~~#
##...#..#.....#.≈~~≈≈
#g.##..###..#..##~~.~
#g##....#.....## #..#


You could see a gnoll.

Vanquished Creatures
  An ice beast (D:3)
  5 gnolls
  2 adders (D:3)
  A worm (D:2)
  11 dart slugs
  3 orcs (D:3)
  6 ball pythons
  7 bats
  4 endoplasms
  2 goblins
  9 hobgoblins
  4 frilled lizards
  5 kobolds
  4 rats
64 creatures vanquished.

Notes
Turn   | Place    | Note
-------+----------+-------------------------------------------
     0 | D:1      | Peloso the Minotaur Fighter began the quest for the Orb.
     0 | D:1      | Reached XP level 1. HP: 19/19 MP: 0/0
   314 | D:1      | Reached XP level 2. HP: 27/27 MP: 1/1
   723 | D:1      | Reached XP level 3. HP: 28/33 MP: 2/2
  1093 | D:1      | Found a faded altar of an unknown god.
  1848 | D:2      | Reached XP level 4. HP: 21/40 MP: 3/3
  2181 | D:3      | Found an ancient bone altar of Kikubaaqudgha.
  2423 | D:3      | Noticed an ice beast
  2437 | D:3      | Killed an ice beast
  2438 | D:3      | Reached XP level 5. HP: 23/47 MP: 4/4
  2441 | D:3      | Reached skill level 1 in Dodging
  2733 | D:3      | Slain by a gnoll

Illustrated notes

Levels and vault maps discovered:
D:1:      amcnicky_arrival_blooded_trapdoor, layout_basic,
          hellmonk_ecumenical_altar_inner_sanctum
D:2:      layout_basic
D:3:      kennysheep_slugbush, layout_basic, kiku_gazebo_pond_becter,
          mainiacjoe_overflow_24_doors, minmay_misc_feat_columns,
          glass_columns_a, nicolae_figureground_sparkle, uniq_terence

Skill      XL: |  1  2  3  4  5 |
---------------+----------------+-----
Shields        | 4 |  4.7
Fighting       | 4 |  4.8
Armour         | 4 |  4.9
Long Blades    | 3 4 |  4.4
Dodging        | 1 |  1.0
Stealth        | |  0.2

Action                   |  1- 3 |  4- 6 || total
-------------------------+-------+-------++-------
Melee: Long sword        |    79 |    51 ||   130
       Headbutt          |    17 |    11 ||    28
  Use: Scroll            |     7 |       ||     7
       Potion            |     3 |     2 ||     5
Armor: Scale mail        |    48 |    26 ||    74
       Skin              |     5 |       ||     5
Dodge: Dodged            |    44 |    22 ||    66
Block: Buckler           |    19 |    13 ||    32
